 Dungeon Crawl Stone Soup version 0.16.1-12-gf5c4a84 (webtiles) character file.

1299 jacksonaction the Martial Artist (level 8, -1/55 HPs)
             Began as an Octopode Monk on Apr 9, 2015.
             Shot with an arrow by a centaur (3 damage)
             ... on level 6 of the Dungeon.
             The game lasted 00:27:15 (6613 turns).

jacksonaction the Martial Artist (Octopode Monk)    Turns: 6613, Time: 00:27:15

Health: -1/55      AC:  1    Str: 11    XL:     8   Next: 57%
Magic:  8/8        EV: 18    Int: 17    God:
Gold:   349        SH:  0    Dex: 16    Spells: 0 memorised, 7 levels left

rFire  . . .     SeeInvis .       - Unarmed
rCold  . . .     Clarity  .     (no shield)
rNeg   . . .     SustAb   .     (helmet restricted)
rPois  .         Gourm    .     q - amulet of rage
rElec  .         Spirit   .     g - +5 ring of intelligence
rCorr  .         Warding  .     j - +3 ring of evasion
rMut   .         Stasis   .     C - ring of wizardry
MR     .....                    (no ring)
Stlth  +++.......               (no ring)
                                (no ring)
                                (no ring)
                                (no ring)

@: not resistant to hostile enchantments, fairly stealthy
A: almost no armour, amphibious, 8 rings, constrict 8, camouflage 1, gelatinous
body 1
a: Evoke Berserk Rage


You were on level 6 of the Dungeon.
You were not hungry.

You visited 1 branch of the dungeon, and saw 6 of its levels.

You collected 349 gold pieces.

Inventory:

Missiles
 e - 168 stones
 l - 5 javelins (quivered)
 y - 16 poisoned needles
 F - 3 tomahawks of returning
 J - 6 tomahawks
Jewellery
 g - a +5 ring of intelligence (left tentacle)
 j - a +3 ring of evasion (right tentacle)
 q - an amulet of rage (around mantle)
 C - a ring of wizardry (on tentacle)
Magical devices
 u - a wand of flame (25)
 H - a wand of polymorph (6)
Scrolls
 c - 3 scrolls of fear {unknown}
 i - a scroll of teleportation {unknown}
 k - 8 scrolls of remove curse
 m - a scroll of noise {unknown}
 o - 6 scrolls of identify {unknown}
 v - 2 scrolls of blinking {unknown}
 x - 4 scrolls of recharging {unknown}
 z - a scroll of immolation {unknown}
 A - 2 scrolls of random uselessness {unknown}
 E - a scroll of enchant armour {unknown}
Potions
 a - 2 potions of cure mutation {unknown}
 d - 2 potions of beneficial mutation {unknown}
 h - 2 potions of ambrosia {unknown}
 n - a potion of flight {unknown}
 p - a potion of haste {unknown}
 r - 3 potions of curing
 w - a potion of magic {unknown}
 B - 2 potions of agility {unknown}
 G - 2 potions of restore abilities {unknown}
Comestibles
 b - 3 bread rations
 f - 3 beef jerkies
 s - a royal jelly
 t - 4 fruits
 D - 2 meat rations
 I - 2 chunks of flesh


   Skills:
 - Level 5.1 Fighting
 - Level 5.2 Dodging
 - Level 2.6 Stealth
 + Level 9.1 Unarmed Combat


You had 7 spell levels left.
You didn't know any spells.

Dungeon Overview and Level Annotations

Branches:
Dungeon (6/15)
 Temple: D:4-7

Altars:
Makhleb
Vehumet
Zin


Innate Abilities, Weirdness & Mutations

You cannot wear most types of armour.
You are amphibious.
You can wear up to eight rings at the same time.
You can use your tentacles to constrict many enemies at once.
Your skin changes colour to match your surroundings (Stealth).
Your rubbery body absorbs attacks (AC +1).


Message History

There is an open door here.
You see here an arrow.
The centaur shoots an arrow.
The arrow hits you!
The centaur shoots an arrow.
The arrow hits you!
* * * LOW HITPOINT WARNING * * *
You see here an arrow.
The centaur shoots an arrow.
The arrow hits you!
* * * LOW HITPOINT WARNING * * *
There is an open door, spattered with blood here.
Drink which item? (? for menu, Esc to quit)
It was a potion of curing.
You feel better.
The centaur shouts!
The centaur wields a shortbow.
The centaur shoots an arrow.
The arrow misses you.
The centaur shoots an arrow.
The arrow misses you.
There is an open door, spattered with blood here.
You see here an arrow.
The centaur shoots an arrow.
The arrow hits you!
* * * LOW HITPOINT WARNING * * *
The centaur shoots an arrow.
The arrow hits you.
You die...

...#....+.. .....
##'##....#'###...#
............##..c#
............#....+
............c....#
............#'##(#
#'####'#.......#(###
..'....'.......(...#
(.#....#.......#@..#
'###..##.......#'##############
..##..###'#........>....#.##<.#
..........'.............#.....#
..........#.............#.....#
..........#.............+.....#
..##..##..#.............#.....#
..##..##..##'##.........####'##
..........#...#.........'.....#


You could see 2 centaurs.

Vanquished Creatures
  Edmund (D:5)
  An orc warrior (D:6)
  A centaur (D:6)
  A black bear (D:6)
  2 ogres
  A scorpion (D:5)
  3 crimson imps (D:5)
  3 hounds
  A quasit (D:6)
  An orc priest (D:6)
  A centaur skeleton (D:5)
  5 orc wizards (D:6)
  A worker ant zombie (D:6)
  9 adders
  3 gnolls (D:6)
  5 worms
  2 giant mites
  An adder skeleton (D:5)
  2 giant geckos
  An ooze (D:1)
  14 orcs
  A bat zombie (D:6)
  5 giant cockroaches
  17 goblins
  23 hobgoblins
  8 jackals
  4 quokkas
  A ball python (D:1)
  9 bats
  A giant gecko skeleton (D:4)
  11 giant newts
  13 kobolds
  A quokka skeleton (D:4)
  12 rats
  3 plants (D:6)
168 creatures vanquished.

Notes
Turn   | Place    | Note
--------------------------------------------------------------
     0 | D:1      | jacksonaction, the Octopode Monk, began the quest for the Orb.
     0 | D:1      | Reached XP level 1. HP: 16/16 MP: 1/1
   285 | D:1      | Reached XP level 2. HP: 15/21 MP: 2/2
   910 | D:1      | Reached XP level 3. HP: 26/26 MP: 3/3
  1423 | D:2      | Reached XP level 4. HP: 26/31 MP: 4/4
  1834 | D:2      | Reached skill level 5 in Unarmed Combat
  2046 | D:2      | Reached XP level 5. HP: 34/37 MP: 5/5
  3031 | D:3      | Found a glowing silver altar of Zin.
  3426 | D:4      | Reached XP level 6. HP: 42/44 MP: 6/6
  3649 | D:4      | Found a burning altar of Makhleb.
  3649 | D:4      | Noticed a cacodemon
  4056 | D:5      | Entered Level 5 of the Dungeon
  4254 | D:5      | Reached skill level 6 in Unarmed Combat
  4324 | D:5      | Reached XP level 7. HP: 40/49 MP: 7/7
  4372 | D:5      | Found a radiant altar of Vehumet.
  4382 | D:5      | Noticed Edmund
  4405 | D:5      | Killed Edmund
  4405 | D:5      | Reached skill level 5 in Fighting
  4405 | D:5      | Reached skill level 5 in Dodging
  5334 | D:6      | Reached skill level 7 in Unarmed Combat
  5421 | D:6      | Reached XP level 8. HP: 30/55 MP: 8/8
  5768 | D:6      | Reached skill level 8 in Unarmed Combat
  6402 | D:6      | Reached skill level 9 in Unarmed Combat
  6613 | D:6      | HP: 2/55 [centaur/arrow (15)]
  6613 | D:6      | Shot with an arrow by a centaur

Action                   |  1- 3 |  4- 6 |  7- 9 || total
-------------------------+-------+-------+-------++-------
Melee: Unarmed           |    83 |   167 |   161 ||   411
Throw: Stone             |    22 |    23 |     5 ||    50
       Javelin           |       |       |     4 ||     4
  Use: Scroll            |       |     1 |       ||     1
       Potion            |       |       |     1 ||     1
 Stab: Sleeping          |     5 |    14 |     3 ||    22
       Distracted        |       |     1 |       ||     1
  Eat: Chunk             |     2 |     8 |     8 ||    18
